 Dungeon Crawl Stone Soup version 0.24-a0-244-ga6a6ab7 (webtiles) character file.

Game seed: 1976597556763105559

1296 Ijustatesigmund the Chopper (level 8, -4/57 HPs)
             Began as an Octopode Fighter on Apr 10, 2019.
             Was a Follower of Cheibriados.
             Killed by divine providence
             ... invoked by an orc priest
              (8 damage)
             ... on level 6 of the Dungeon.
             The game lasted 00:10:10 (5251 turns).

Ijustatesigmund the Chopper (Octopode Fighter)      Turns: 5251, Time: 00:10:11

Health: -4/57      AC: -3    Str: 24    XL:     8   Next: 56%
Magic:  11/11      EV: 13    Int: 15    God:    Cheibriados [*.....]
Gold:   367        SH: 10    Dex: 16    Spells: 7/7 levels left

rFire    . . .     SeeInvis .   a - +0 war axe
rCold    . . .     Gourm    .   b - +0 shield
rNeg     . . .     Faith    .   (helmet restricted)
rPois    .         Spirit   .   (no amulet)
rElec    .         Reflect  .   (no ring)
rCorr    .         Harm     .   (no ring)
MR       .....                  (no ring)
Stlth    ++........             (no ring)
HPRegen  0.19/turn              (no ring)
MPRegen  0.12/turn              (no ring)
                                (no ring)
                                (no ring)

@: mighty, corroded, lightly drained, very slow
A: almost no armour, stealthy swim, amphibious, 8 rings, constrict 8, camouflage
1, blurry vision 1, clever 1, gelatinous body 1
a: Bend Time, Renounce Religion


You were on level 6 of the Dungeon.
You worshipped Cheibriados.
Cheibriados was aware of your devotion.
You were not hungry.

You visited 1 branch of the dungeon, and saw 6 of its levels.

You collected 367 gold pieces.

Inventory:

Hand Weapons
 a - a +0 war axe (weapon)
Armour
 b - a +0 shield (worn)
Wands
 g - a wand of flame (11)
Scrolls
 e - a scroll of immolation
 f - 3 scrolls of amnesia
 h - 2 scrolls of identify
 m - a scroll of remove curse
Potions
 c - a potion of magic
 j - a potion of flight
 k - 3 potions of curing
Comestibles
 d - 8 rations


   Skills:
 + Level 6.3(6.2) Fighting
 + Level 6.4(6.3) Axes
 - Level 4.1(4.0) Dodging
 - Level 4.1 Shields
 + Level 4.2(4.1) Invocations


You had 7 spell levels left.
You didn't know any spells.
Your spell library was empty.

Dungeon Overview and Level Annotations

Branches:
Dungeon (6/15)
 Temple: D:4-7

Altars:
Cheibriados
Hepliaklqana
Nemelex Xobeh
Wu Jian
Xom
Zin

Annotations:
D:4 3 runed translucent doors, xeno23's ghost, amateur OpAs


Innate Abilities, Weirdness & Mutations

You cannot wear most types of armour.
You are very stealthy in the water. (Stealth+)
You are amphibious.
You can wear up to eight rings at the same time.
You can use your tentacles to constrict eight enemies at once.
Your skin changes colour to match your surroundings (Stealth+).
Your rubbery body absorbs attacks. (AC +1, EV +1)
Scrolls take you a little longer to read.
Your mind is acute. (Int +2)


Message History

You constrict the hound skeleton.
You destroy the hound skeleton!
Cheibriados thoroughly appreciates the change of pace.
The jelly jiggles.
The jelly hits you.
* * * LOW HITPOINT WARNING * * *
You are splashed with acid!
* * * LOW HITPOINT WARNING * * *
The orc priest calls down the wrath of Beogh upon you.
Pain shoots through your body!
* * * LOW HITPOINT WARNING * * *
You hit the jelly.
Your tentacles burn!
* * * LOW HITPOINT WARNING * * *
You squeeze the jelly!
The jelly is almost dead.
The jelly barely misses you.
An orc warrior comes into view. It is wielding a +0 mace.
The orc priest calls down the wrath of Beogh upon you.
Beogh smites you!
You die...

.........# ##
.........# ⌠.
.........##.##o
.........o#.o#
#..........#
#.......o..# .
#...J).....#
..#....@.....#
.............#
...............#
......#..##...#
#...#.##.##.#.#
#######+#...#.##..#.# #
............#.##..#.#.#
............#.###.#.#.#
............#.# #.#.#.#


You could see an orc warrior, a jelly and 3 orc priests.

Vanquished Creatures
  Grinder (D:3)
  Edmund (D:6)
  A sky beast (D:6)
  2 centaurs (D:5)
  A scorpion (D:5)
  A howler monkey (D:5)
  A crimson imp (D:6)
  A hound (D:4)
  A jelly (D:6)
  3 orc wizards
  3 bullfrog skeletons
  An orc priest (D:6)
  4 worker ants
  A hound skeleton (D:6)
  7 adders
  6 gnolls
  A shadow imp (D:6)
  3 oozes
  An adder skeleton (D:4)
  2 worms
  A dart slug (D:3)
  4 leopard geckos
  12 orcs
  2 ball pythons
  3 giant cockroaches
  5 goblins
  5 hobgoblins
  2 jackals (D:2)
  2 quokkas
  9 bats
  8 frilled lizards
  5 kobolds
  3 leopard gecko skeletons
  A quokka skeleton (D:3)
  8 rats
112 creatures vanquished.

Notes
Turn   | Place    | Note
-------+----------+-------------------------------------------
     0 | D:1      | Ijustatesigmund the Octopode Fighter began the quest for
                  | the Orb.
     0 | D:1      | Reached XP level 1. HP: 16/16 MP: 1/1
   285 | D:1      | Reached XP level 2. HP: 21/21 MP: 2/2
   639 | D:1      | Reached XP level 3. HP: 22/26 MP: 3/3
   748 | D:1      | Found a sparkling altar of Nemelex Xobeh.
  1232 | D:2      | Reached XP level 4. HP: 22/33 MP: 4/4
  1654 | D:2      | Found an ornate altar of the Wu Jian Council.
  2151 | D:3      | Reached XP level 5. HP: 37/37 MP: 5/5
  2458 | D:3      | Noticed Grinder
  2472 | D:3      | Killed Grinder
  2472 | D:3      | Reached XP level 6. HP: 37/44 MP: 6/6
  2476 | D:3      | Gained mutation: One of your tentacles bears a spike.
                  | [potion of mutation]
  2476 | D:3      | Gained mutation: Scrolls take you a little longer to read.
                  | [potion of mutation]
  2476 | D:3      | Lost mutation: One of your tentacles bears a spike. [potion
                  | of mutation]
  2476 | D:3      | Gained mutation: Your mind is acute. (Int +2) [potion of
                  | mutation]
  2586 | D:3      | Found a hazy altar of Hepliaklqana.
  2587 | D:3      | Found a shimmering altar of Xom.
  2587 | D:3      | Noticed a tentacled monstrosity
  2588 | D:3      | Noticed a tentacled monstrosity
  2588 | D:3      | Noticed a spectral ugly thing
  2612 | D:3      | Noticed a phantom
  2907 | D:3      | Reached XP level 7. HP: 28/49 MP: 7/7
  3172 | D:3      | Found a snail-covered altar of Cheibriados.
  3172 | D:3      | Found a glowing silver altar of Zin.
  3175 | D:3      | Became a worshipper of Cheibriados the Contemplative
  3455 | D:4      | Noticed xeno23's ghost (amateur OpAs)
  3491 | D:4      | Found a runed translucent gate.
  3491 | D:4      | Found a runed translucent gate.
  3491 | D:4      | Found a runed translucent gate.
  3525 | D:4      | Reached skill level 5 in Axes
  3528 | D:4      | Reached skill level 1 in Invocations
  3592 | D:4      | Reached skill level 5 in Fighting
  3923 | D:5      | Entered Level 5 of the Dungeon
  4472 | D:5      | Reached * piety under Cheibriados
  4799 | D:5      | Reached XP level 8. HP: 45/56 MP: 10/10
  5237 | D:6      | Noticed Edmund
  5244 | D:6      | Killed Edmund
  5251 | D:6      | Killed from afar by an orc priest

Levels and vault maps discovered:
D:1:      dpeg_arrival_three_smaller_balls, layout_basic,
          nemelex_diamond_rough_becter
D:2:      minmay_evil_eye, layout_basic, lemuel_round_altar
D:3:      layout_loops_ring, regret_index_temple_of_mockery,
          gammafunk_temple_overflow_elements, uniq_grinder
D:4:      layout_rooms, gammafunk_ghost_icy
D:5:      layout_basic, first_ration, hangedman_abyss_or_decor_stabs
D:6:      minmay_inner_zag, layout_basic, nicolae_overflow_hidden_temple,
          grunt_decor_one_mirror, kennysheep_generic_room_12, uniq_edmund

Skill      XL: |  1  2  3  4  5  6  7  8 |
---------------+-------------------------+-----
Axes           | 3 4 5 6 |  6.4
Fighting       | 4 5 6 |  6.3
Shields        | 4 |  4.1
Dodging        | 4 |  4.1
Invocations    | 2 4 |  4.2

Action                   |  1- 3 |  4- 6 |  7- 9 || total
-------------------------+-------+-------+-------++-------
Melee: War axe           |    65 |    80 |    93 ||   238
       Constrict         |    13 |    27 |    21 ||    61
       Tentacles         |    12 |    18 |    25 ||    55
  Use: Scroll            |       |     9 |     5 ||    14
       Potion            |       |     3 |     4 ||     7
 Stab: Sleeping          |     4 |     4 |     4 ||    12
  Eat: Chunk             |     1 |     4 |     8 ||    13
Armor: Skin              |     3 |     5 |     4 ||    12
Dodge: Dodged            |    23 |    30 |    47 ||   100
Block: Shield            |    38 |    34 |    34 ||   106

Table legend:
 A = Non-vault XP
 B = Vault XP
 C = Vault XP percentage of total XP
 D = Non-vault monster count
 E = Vault monster count
 F = Vault count percentage of total count
                 A         B        C        D         E       F
            +---------+---------+-------+---------+---------+-------
      Total |    1417 |     435 |  23.5 |     109 |       3 |   2.7
            +---------+---------+-------+---------+---------+-------
        D:1 |      57 |       0 |   0.0 |      24 |       0 |   0.0
        D:2 |      82 |       1 |   1.2 |      18 |       1 |   5.3
        D:3 |     248 |     272 |  52.3 |      31 |       1 |   3.1
        D:4 |     203 |       0 |   0.0 |      14 |       0 |   0.0
        D:5 |     436 |       0 |   0.0 |       8 |       0 |   0.0
        D:6 |     391 |     162 |  29.3 |      14 |       1 |   6.7
            +---------+---------+-------+---------+---------+-------
